 Dungeon Crawl Stone Soup version 0.22.1-2-g9c5b331383 (webtiles) character file.

10 purescai the Caller (level 2, -1/13 HPs)
             Began as a Vine Stalker Summoner on Dec 22, 2018.
             Slain by a goblin (2 damage)
             ... on level 1 of the Dungeon.
             The game lasted 00:07:01 (475 turns).

purescai the Caller (Vine Stalker Summoner)          Turns: 475, Time: 00:07:02

Health: -1/13      AC:  2    Str: 10    XL:     2   Next: 20%
Magic:  0/6        EV: 12    Int: 15    God:
Gold:   14         SH:  0    Dex: 14    Spells: 4/5 levels left

rFire    . . .     SeeInvis .   e - +0 whip
rCold    . . .     Gourm    .   (no shield)
rNeg     . . .     Faith    .   f - +0 robe
rPois    .         Spirit   +   (no helmet)
rElec    .         Reflect  .   (no cloak)
rCorr    .         Harm     .   (no gloves)
MR       .....                  (no boots)
Stlth    ++........             (no amulet)
HPRegen  0.04/turn              (no ring)
MPRegen  0.10/turn              (no ring)

@: no status effects
A: fangs 2, magic shield, antimagic bite, no potion heal 3, rot immunity
a: no special abilities


You were on level 1 of the Dungeon.
You were not hungry.

You visited 1 branch of the dungeon, and saw 1 of its levels.

You collected 14 gold pieces.

Inventory:

Hand Weapons
 e - a +0 whip (weapon)
Missiles
 b - 4 stones (quivered)
 g - 13 arrows
Armour
 a - a +0 robe
 f - a +0 robe (worn)
Scrolls
 d - a scroll of remove curse
Comestibles
 c - 2 rations


   Skills:
 + Level 1.7 Dodging
 - Level 2.4 Stealth
 + Level 0.4 Unarmed Combat
 * Level 2.4 Spellcasting
 * Level 4.2 Summonings


You had 4 spell levels left.
You knew the following spells:

 Your Spells              Type           Power        Failure   Level  Hunger
a - Summon Small Mammal   Summ           ##..         3%          1    #......

Your spell library contained the following spells:

 Spells                   Type           Power        Failure   Level  Hunger
 Call Imp                 Summ           ##......     5%          2    ###....
 Call Canine Familiar     Summ           ##......     11%         3    ###....
 Summon Guardian Golem    Hex/Summ       #.......     26%         3    ###....
 Summon Ice Beast         Ice/Summ       #.......     65%         4    #####..
 Summon Lightning Spire   Summ/Air       #.......     65%         4    #####..


Dungeon Overview and Level Annotations

Branches:
Dungeon (1/15)

Altars:


Innate Abilities, Weirdness & Mutations

You have extremely sharp teeth.
When hurt, damage is shared between your health and your magic reserves.
Your bite disrupts and absorbs the magic of your enemies.
Potions cannot restore your health.
You are immune to rotting.


Message History

The dart slug barely misses you. The hobgoblin closely misses you.
You closely miss the hobgoblin.
You bite the hobgoblin, but do no damage.
The hobgoblin is severely wounded.
The hobgoblin closely misses you. The dart slug closely misses you.
You hit the hobgoblin but do no damage. You bite the hobgoblin.
You kill the hobgoblin!
The bat misses you. The dart slug misses you. The bat closely misses you.
Things that are here:
a club; a hobgoblin corpse The bat barely misses you.
The frilled lizard misses you. The bat misses you.
The bat hits you but does no damage. The frilled lizard bites you.
* * * LOW HITPOINT WARNING * * *
There is a stone staircase leading down, spattered with blood here.
The bat barely misses you. The frilled lizard bites you. The goblin hits you.
You die...

.#># ......##..###.###
#...###......##..#......
............##..#......
#.##?....... #.........
#.###.#.......#
#..#...<..
#.............#
#..#...... #.#
#.#.w.....####. #......
#.# #.).lg#.......
#...... #.# #####.@.# ##
#...... #.# ##.## ###
#####.# #.########.# #.#
.. #..........# #.# ..
#.########.# #.# ## #.#
#.# #.######.# # #.#
#.####.#......# # #.#
#.........##### # #.#
######.##.########


You could see a dart slug, a goblin and a frilled lizard.

Vanquished Creatures
  2 bats (D:1)
  A goblin (D:1)
  2 hobgoblins (D:1)
  3 kobolds (D:1)
  A rat (D:1)
9 creatures vanquished.

Notes
Turn   | Place    | Note
-------+----------+-------------------------------------------
     0 | D:1      | purescai the Vine Stalker Summoner began the quest for the
                  | Orb.
     0 | D:1      | Reached XP level 1. HP: 9/9 MP: 4/4
   288 | D:1      | Reached XP level 2. HP: 3/13 MP: 4/6
   475 | D:1      | Slain by a goblin

Action                   || total
-------------------------++-------
Melee: Unarmed           ||    41
       Bite              ||    16
       Whip              ||    27
  Use: Scroll            ||     2
       Potion            ||     1
 Stab: Invisible         ||     2
       Sleeping          ||     1
Armor: Robe              ||    19
Dodge: Dodged            ||    72
